 Dungeon Crawl Stone Soup version 0.23.2-33-g5129a83184 (webtiles) character file.

Game seed: 2374091259666471785

571 Unfit0815 the Chopper (level 7, -10/90 HPs)
             Began as a Hill Orc Berserker on July 25, 2019.
             Was a Priest of Trog.
             Killed by divine providence
             ... invoked by an orc priest
              (14 damage)
             ... on level 4 of the Dungeon.
             The game lasted 00:24:07 (4412 turns).

Unfit0815 the Chopper (Hill Orc Berserker)          Turns: 4412, Time: 00:24:07

Health: -10/90     AC:  7    Str: 27    XL:     7   Next: 34%
Magic:  16/16      EV: 11    Int:  7    God:    Trog [***...]
Gold:   151        SH:  0    Dex: 10    Spells: 6/6 levels left

rFire    + . .     SeeInvis .   a - +0 hand axe
rCold    + . .     Gourm    .   (no shield)
rNeg     . . .     Faith    +   m - +0 scale mail
rPois    .         Spirit   .   (no helmet)
rElec    .         Reflect  .   k - scarf {rC+ rF+}
rCorr    .         Harm     .   (no gloves)
MR       .....                  (no boots)
Stlth    ..........             x - amulet of faith
HPRegen  0.25/turn              f - ring of magical power
MPRegen  0.15/turn              (no ring)

@: berserking, slowed, studying Dodging
A: no striking features
a: Berserk, Trog's Hand, Renounce Religion, Convert to Beogh


You were on level 4 of the Dungeon.
You worshipped Trog.
Trog was most pleased with you.
You were near starving.

You visited 1 branch of the dungeon, and saw 4 of its levels.

You collected 151 gold pieces.

Inventory:

Hand Weapons
 a - a +0 hand axe (weapon)
 r - a +0 blowgun
Missiles
 s - 8 poisoned needles
Armour
 b - a +0 animal skin
 d - a +0 ring mail
 k - a scarf of resistance (worn)
 l - a +2 leather armour of fire resistance
 m - a +0 scale mail (worn)
Jewellery
 e - an uncursed amulet of magic regeneration
 f - a ring of magical power (left hand)
 t - an uncursed ring of magical power
 x - an amulet of faith (around neck)
Scrolls
 o - 5 scrolls of remove curse
 u - 2 scrolls of fog
 w - 2 scrolls of teleportation
Potions
 g - a potion of heal wounds {unknown}
 h - 2 potions of invisibility {unknown}
 i - a potion of magic {unknown}
 j - 4 potions of curing {unknown}
 n - a potion of flight {unknown}
 v - 2 potions of lignification
 z - 3 potions of might
Books
 p - a manual of Dodging
Comestibles
 c - 5 rations


   Skills:
 - Level 4.5 Fighting
 + Level 7.7 Axes
 - Level 1.5 Throwing
 - Level 5.2 Armour
 * Level 2.5 Dodging


You had 6 spell levels left.
You didn't know any spells.
Your spell library was empty.

Dungeon Overview and Level Annotations

Branches:
Dungeon (4/15)
 Temple: D:4-7

Altars:


Message History

The orc priest hits you with a +0 trident.
* * * LOW HITPOINT WARNING * * *
You closely miss the orc priest.
The orc priest is severely wounded.
The orc priest hits you with a +0 trident.
* * * LOW HITPOINT WARNING * * *
The orc priest threatens, "By the altar or by the axe, you will meet Beogh!"
You hit the orc priest but do no damage.
The orc priest is severely wounded.
The orc priest barely misses you.
The orc priest calls down the wrath of Beogh upon you.
Pain shoots through your body!
* * * LOW HITPOINT WARNING * * *
Okay, then.
A red film seems to cover your vision as you go berserk!
You feel yourself moving faster!
You feel mighty!
You are near starving!
The orc priest mumbles some strange prayers to Beogh against you.
Beogh smites you!
You die...

..#+##.....# .....#.....#
.....#.....# ######
######.....# ####....# #
#.....# #..#....# . #.....#
#..#....# . .. #.....#
#..#....####+##.. #.....#
#)(#..........[..
#.....#####@##.............
#..........o...............
.............................
...#####.............(.......
... #........##'###.....## ..
##########....#.....#
+.....'.....# #.....#...o.+
#######.....#


You could see an orc priest.

Vanquished Creatures
  A centaur (D:3)
  A scorpion (D:4)
  3 orc priests (D:3)
  A hound (D:4)
  4 orc wizards
  A worker ant (D:4)
  3 gnolls (D:3)
  5 adders
  An ooze (D:1)
  A worm (D:3)
  2 dart slugs (D:1)
  5 leopard geckos
  17 orcs
  3 ball pythons
  2 giant cockroaches
  9 goblins
  8 hobgoblins
  5 jackals
  2 quokkas (D:2)
  11 bats
  6 frilled lizards
  5 kobolds
  7 rats
103 creatures vanquished.

Vanquished Creatures (others)
  A hobgoblin (D:3)
  A rat (D:3)
2 creatures vanquished.

Grand Total: 105 creatures vanquished

Notes
Turn   | Place    | Note
-------+----------+-------------------------------------------
     0 | D:1      | Unfit0815 the Hill Orc Berserker began the quest for the
                  | Orb.
     0 | D:1      | Reached XP level 1. HP: 19/19 MP: 1/1
    91 | D:1      | Reached XP level 2. HP: 26/27 MP: 2/2
   239 | D:1      | Reached XP level 3. HP: 31/33 MP: 3/3
  1357 | D:2      | Reached ** piety under Trog
  1571 | D:2      | Reached XP level 4. HP: 31/41 MP: 4/4
  1775 | D:2      | Reached skill level 5 in Axes
  1785 | D:2      | Reached XP level 5. HP: 47/47 MP: 5/5
  2283 | D:3      | Noticed a centaur
  2291 | D:3      | Killed a centaur
  2291 | D:3      | Reached skill level 6 in Axes
  2291 | D:3      | Reached XP level 6. HP: 42/53 MP: 6/6
  2875 | D:3      | Reached skill level 7 in Axes
  2875 | D:3      | Reached skill level 1 in Throwing
  2937 | D:3      | Reached *** piety under Trog
  2937 | D:3      | Reached skill level 5 in Armour
  3840 | D:4      | Reached XP level 7. HP: 53/60 MP: 7/7
  4411 | D:4      | HP: 2/60 [orc priest/nerve-wracking pain (11)]
  4412 | D:4      | Killed from afar by an orc priest

Skill      XL: |  1  2  3  4  5  6  7 |
---------------+----------------------+-----
Fighting       | 4 |  4.5
Armour         | 3 4 5 |  5.2
Axes           | 5 6 7 |  7.7
Throwing       | 1 |  1.5
Dodging        | 2 |  2.5

Action                   |  1- 3 |  4- 6 |  7- 9 || total
-------------------------+-------+-------+-------++-------
Melee: Hand axe          |   184 |   198 |    55 ||   437
 Fire: Blowgun           |       |     2 |       ||     2
Invok: Berserk           |       |     2 |     1 ||     3
       Trog's Hand       |       |     2 |       ||     2
  Use: Scroll            |     3 |     3 |       ||     6
  Eat: Chunk             |     2 |    10 |     1 ||    13
Armor: Ring mail         |    62 |     6 |       ||    68
       Scale mail        |       |    85 |    15 ||   100
Dodge: Dodged            |   114 |   107 |    28 ||   249
